 Dungeon Crawl Stone Soup version 0.26.1-2-gb8aa6d0cf2 (webtiles) character file.

Game seed: 14864781949624316520

18525 MissingN0 the Severer (level 12, -2/112 HPs)
             Began as a Minotaur Berserker on Feb 13, 2021.
             Was a High Priest of Trog.
             Killed from afar by an oklob plant (8 damage)
             ... with a splash of acid
             ... on level 1 of the Lair of Beasts on Feb 14, 2021.
             The game lasted 01:30:05 (14892 turns).

MissingN0 the Severer (Minotaur Berserker)         Turns: 14892, Time: 01:30:05

Health: -2/112     AC:  9    Str: 35    XL:     12   Next: 28%
Magic:  11/11      EV: 12    Int: 11    God:    Trog [*****.]
Gold:   915        SH:  0    Dex: 14    Spells: 11/11 levels left

rFire    + + .     SeeInvis .   y - +7 battleaxe
rCold    . . .     Faith    +   (shield currently unavailable)
rNeg     + . .     Spirit   .   K - +0 plate armour
rPois    .         Reflect  .   (helmet restricted)
rElec    .         Harm     .   (no cloak)
rCorr    .         Rampage  .   l - +2 pair of gloves
Will     .....                  h - +0 pair of boots
Stlth    ..........             f - amulet of faith
HPRegen  0.00/turn              D - ring of Nalakh {rN+ Str+3 Int+4 Stlth+}
MPRegen  0.12/turn              a - ring "Axtot" {rF+ Str+6 Int+3 Dex+3}

@: about to teleport, corroded
A: retaliatory headbutt, horns 2, fire resistance 1, shaggy fur 1, inhibited
regeneration
a: Renounce Religion, Berserk, Trog's Hand, Brothers in Arms


You were on level 1 of the Lair of Beasts.
You worshipped Trog.
Trog was extremely pleased with you.
You visited 3 branches of the dungeon, and saw 13 of its levels.

You collected 915 gold pieces.

Inventory:

Hand Weapons
 r - a +2 flail of protection
 u - a +0 hunting sling
 y - a +7 battleaxe (weapon)
 F - a +3 antimagic broad axe
Missiles
 e - 525 stones
 k - 19 boomerangs (quivered)
 v - 72 sling bullets
Armour
 h - a +0 pair of boots (worn)
 i - a +0 buckler
 l - a +2 pair of gloves (worn)
 s - a +1 ring mail of poison resistance
 G - a +2 ring mail of cold resistance
 K - a +0 plate armour (worn)
Jewellery
 a - the ring "Axtot" (right hand) {rF+ Str+6 Int+3 Dex+3}
   (You acquired it on level 11 of the Dungeon)

   [ring of strength]

   It affects your strength (+6).
   It affects your intelligence (+3).
   It affects your dexterity (+3).
   It protects you from fire.
 f - an amulet of faith (around neck)
 m - an uncursed amulet of the acrobat
 D - the ring of Nalakh (left hand) {rN+ Str+3 Int+4 Stlth+}
   (You found it on level 10 of the Dungeon)

   [ring of stealth]

   It affects your strength (+3).
   It affects your intelligence (+4).
   It protects you from negative energy.
   It makes you more stealthy.
Wands
 b - a wand of paralysis (16)
 n - a wand of flame (10)
 q - a wand of acid (7)
 B - a wand of iceblast (21)
Scrolls
 c - 11 scrolls of identify
 d - 2 scrolls of fog
 g - 7 scrolls of remove curse
 p - 3 scrolls of fear
 x - 3 scrolls of teleportation
 A - a scroll of magic mapping
Potions
 j - 5 potions of curing
 t - 7 potions of heal wounds
 z - 4 potions of flight
 C - a potion of ambrosia


   Skills:
 + Level 12.0 Fighting
 + Level 15.1 Axes
 + Level 12.3 Armour
 + Level 5.6 Dodging
 + Level 1.8 Stealth
 + Level 5.3 Shields


You had 11 spell levels left.
You didn't know any spells.
Your spell library contained the following spells:

 Spells                   Type           Power        Failure   Level
 Corona                   Hex            0%           86%         1
 Magic Dart               Conj           0%           86%         1
 Shock                    Conj/Air       0%           86%         1
 Sting                    Tmut/Pois      0%           86%         1
 Ensorcelled Hibernation  Hex/Ice        0%           95%         2
 Poisonous Vapours        Pois/Air       0%           95%         2
 Searing Ray              Conj           0%           95%         2
 Swiftness                Air            0%           95%         2
 Confusing Touch          Hex            0%           99%         3
 Dazzling Flash           Conj/Hex       0%           99%         3
 Ignite Poison            Fire/Tmut/Pois 0%           99%         3
 Mephitic Cloud           Conj/Pois/Air  0%           99%         3
 Static Discharge         Conj/Air       0%           99%         3
 Tukima's Dance           Hex            0%           99%         3
 Airstrike                Air            0%           100%        4
 Fulminant Prism          Conj/Hex       0%           100%        4
 Iskenderun's Mystic Bla  Conj/Tloc      0%           100%        4
 Olgreb's Toxic Radiance  Pois           0%           100%        4
 Lightning Bolt           Conj/Air       0%           100%        5


Dungeon Overview and Level Annotations

Branches:
Dungeon (11/15)            Temple (1/1) D:7            Lair (1/6) D:11
    Orc (0/2) D:10

Altars:
Ashenzari
Cheibriados
Dithmenos
Elyvilon
Fedhas
Gozag
Hepliaklqana
Kikubaaqudgha
Makhleb
Nemelex Xobeh
Okawaru
Qazlal
Ru
Sif Muna
Trog
Uskayaw
Vehumet
Wu Jian
Xom
Yredelemnul
Zin
The Shining One

Shops:
D:6 [   D:11 :

Annotations:
D:8 3 runed translucent doors, Mryle's ghost, novice SpEn
Lair:1 exclusion: 3 oklob plants


Innate Abilities, Weirdness & Mutations

You reflexively headbutt those who attack you in melee.
You have a pair of horns on your head.
Your flesh is heat resistant. (rF+)
You are covered in fur. (AC +1)
You do not regenerate when monsters are visible.


Message History

The splash of acid hits you but does no damage.
You are splashed with acid!
The oklob plant spits acid at you. The splash of acid hits you.
You are splashed with acid!
The oklob plant spits acid at you.
The splash of acid hits you but does no damage.
The acid corrodes you!
You are splashed with acid!
* * * LOW HITPOINT WARNING * * *
The oklob plant spits acid at you. The splash of acid misses you.
The oklob plant spits acid at you. The splash of acid hits you.
* * * LOW HITPOINT WARNING * * *
You are splashed with acid!
* * * LOW HITPOINT WARNING * * *
As you read the scroll of teleportation, it crumbles to dust.
You feel strangely unstable. The oklob plant spits acid at you.
The splash of acid hits you!
You die...

###### #)P($# #")(.# #[.$$# ###
######P.$P# ### #
###.####.#.##P...########.#######
................@................
.................................
............##..#.#.##...........
............#...#.#..............
............#.....#...+..####..##
............+...P.....#...# ####
##.+#.......#...#.....#..#######
.............#..#.###.#..##.##.##
....P............................


You could see 3 oklob plants.

Vanquished Creatures
  2 hydras
  2 two-headed ogres
  An unseen horror (D:10)
  Pikel (D:5)
  An ugly thing (D:11)
  A manticore (D:9)
  Joseph (D:8)
  3 cane toads (Lair:1)
  A gargoyle (D:11)
  A rime drake (Lair:1)
  2 komodo dragons (Lair:1)
  A tengu conjurer (D:10)
  4 trolls
  Prince Ribbit (D:5)
  5 blink frogs (Lair:1)
  14 yaks
  A wraith (D:11)
  Eustachio (D:4)
  Grum (D:9)
  4 vampire mosquitoes (D:11)
  Edmund (D:5)
  4 water moccasins
  8 orc warriors
  2 ice beasts
  2 black bears
  A phantom (D:6)
  6 ogres
  6 wolves
  A lemure (D:5)
  2 centaurs
  2 big kobolds
  2 gnoll sergeants
  9 bullfrogs
  6 scorpions
  10 killer bees
  A howler monkey (D:10)
  A centaur zombie (D:10)
  A bullfrog zombie (D:7)
  A quasit (D:10)
  7 hounds
  5 jellies
  5 bullfrog skeletons
  2 centaur skeletons (D:5)
  6 orc priests
  A gnoll shaman (D:8)
  17 orc wizards
  3 iguanas
  6 worker ants
  A hound skeleton (D:9)
  A worker ant zombie (D:8)
  19 gnolls
  A river rat (D:5)
  14 adders
  A shadow imp (D:10)
  A white imp (D:9)
  2 ufetubi
  An adder zombie (D:5)
  2 worms (D:5)
  3 dart slugs
  5 leopard geckos
  50 orcs
  4 bats
  6 giant cockroaches
  5 goblins
  8 hobgoblins
  18 jackals
  A ball python (D:1)
  7 frilled lizards
  22 kobolds
  A quokka skeleton (D:5)
  10 rats
349 creatures vanquished.

Vanquished Creatures (collateral kills)
  A gargoyle (D:10)
  A scorpion (D:11)
2 creatures vanquished.

Vanquished Creatures (others)
  A ball python skeleton (D:4)
  3 fungi (Lair:1)
  17 plants
  3 withered plants (D:3)
24 creatures vanquished.

Grand Total: 375 creatures vanquished

Notes
Turn   | Place    | Note
-------+----------+-------------------------------------------
     0 | D:1      | MissingN0 the Minotaur Berserker began the quest for the
                  | Orb.
     0 | D:1      | Reached XP level 1. HP: 19/19 MP: 0/0
    52 | D:1      | Reached skill level 4 in Axes
    52 | D:1      | Reached XP level 2. HP: 19/27 MP: 1/1
   419 | D:1      | Reached XP level 3. HP: 33/33 MP: 2/2
   458 | D:1      | Reached ** piety under Trog
   812 | D:2      | Found a shimmering altar of Xom.
  1951 | D:3      | Reached XP level 4. HP: 41/41 MP: 3/3
  2005 | D:3      | Found a faded altar of an unknown god.
  2208 | D:3      | Found a shadowy altar of Dithmenos.
  2232 | D:3      | Reached skill level 5 in Axes
  2492 | D:3      | Found an ancient bone altar of Kikubaaqudgha.
  2529 | D:3      | Found an ornate altar of the Wu Jian Council.
  2683 | D:3      | Found a sparkling altar of Nemelex Xobeh.
  3132 | D:4      | Reached XP level 5. HP: 41/47 MP: 4/4
  3242 | D:4      | Noticed an ogre
  3256 | D:4      | Killed an ogre
  3256 | D:4      | Reached *** piety under Trog
  3257 | D:4      | Reached XP level 6. HP: 14/55 MP: 5/5
  3503 | D:4      | Got a bloodstained dagger
  3546 | D:4      | Found a glowing silver altar of Zin.
  3565 | D:4      | Noticed Eustachio
  3577 | D:4      | Reached skill level 5 in Fighting
  3617 | D:4      | Killed Eustachio
  3618 | D:4      | Reached skill level 6 in Axes
  3885 | D:4      | Reached XP level 7. HP: 58/61 MP: 6/6
  4006 | D:5      | Entered Level 5 of the Dungeon
  4019 | D:5      | Reached skill level 5 in Armour
  4074 | D:5      | Noticed Pikel
  4082 | D:5      | Reached skill level 7 in Axes
  4114 | D:5      | Killed Pikel
  4115 | D:5      | Reached skill level 8 in Axes
  4115 | D:5      | Reached skill level 1 in Shields
  4115 | D:5      | Reached XP level 8. HP: 50/70 MP: 7/7
  4416 | D:5      | Noticed Prince Ribbit
  4538 | D:5      | Lost intelligence.
  4538 | D:5      | Identified the cursed +0 dagger of Aciotid {vorpal, rElec
                  | Int-4 SInv} (You found it on level 4 of the Dungeon)
  4628 | D:5      | Found a sacrificial altar of Ru.
  4634 | D:5      | Reached skill level 9 in Axes
  4848 | D:5      | Noticed Edmund
  4883 | D:5      | Killed Edmund
  4884 | D:5      | Reached skill level 1 in Stealth
  5165 | D:5      | Killed Prince Ribbit
  5165 | D:5      | Reached **** piety under Trog
  5700 | D:6      | Found a radiant altar of Vehumet.
  5708 | D:6      | Found Kudghucua's Antique Armour Emporium.
  5865 | D:6      | Reached XP level 9. HP: 79/79 MP: 8/8
  6055 | D:6      | Gained mutation: Your flesh is heat resistant. (rF+)
                  | [potion of mutation]
  6055 | D:6      | Gained mutation: You do not regenerate when monsters are
                  | visible. [potion of mutation]
  6055 | D:6      | Gained mutation: You are covered in fur. (AC +1) [potion of
                  | mutation]
  6553 | D:7      | Reached ***** piety under Trog
  7137 | D:7      | Found a staircase to the Ecumenical Temple.
  7210 | D:8      | Reached skill level 5 in Dodging
  7790 | D:8      | Found a runed translucent gate.
  7790 | D:8      | Found a runed translucent gate.
  7790 | D:8      | Found a runed translucent gate.
  7791 | D:8      | Noticed an 11-headed hydra
  7791 | D:8      | Noticed Mryle's ghost (novice SpEn)
  7791 | D:8      | Noticed an 11-headed hydra
  7815 | D:8      | Found a hazy altar of Hepliaklqana.
  7888 | D:8      | Received a gift from Trog
  8160 | D:8      | Noticed Joseph
  8164 | D:8      | Killed Joseph
  8232 | D:8      | Found a shimmering blue altar of Sif Muna.
  8325 | D:8      | Found a blossoming altar of Fedhas.
  8440 | D:8      | Reached skill level 5 in Shields
  8440 | D:8      | Reached XP level 10. HP: 84/91 MP: 9/9
  8490 | D:8      | Reached skill level 10 in Axes
  8837 | Temple   | Entered the Ecumenical Temple
  8912 | D:9      | Noticed Grum
  8921 | D:9      | Killed Grum
  9110 | D:9      | Noticed a manticore
  9120 | D:9      | Killed a manticore
  9654 | D:9      | Found an iron altar of Okawaru.
 10076 | D:10     | Entered Level 10 of the Dungeon
 10159 | D:10     | Reached skill level 11 in Axes
 10220 | D:10     | Reached skill level 10 in Fighting
 10248 | D:10     | Reached skill level 10 in Armour
 10585 | D:10     | Killed an unseen horror
 10730 | D:10     | Got a slimy ivory ring
 10904 | D:10     | Noticed a two-headed ogre
 10910 | D:10     | Killed a two-headed ogre
 10911 | D:10     | Reached skill level 12 in Axes
 10911 | D:10     | Reached XP level 11. HP: 99/101 MP: 10/10
 11040 | D:10     | Noticed an orb spider
 11209 | D:10     | Found a staircase to the Orcish Mines.
 11513 | D:10     | Received a gift from Trog
 11688 | D:10     | Noticed a bunyip
 11799 | D:10     | Identified the ring of Nalakh {rN+ Str+3 Int+4 Stlth+} (You
                  | found it on level 10 of the Dungeon)
 11928 | D:11     | Noticed a two-headed ogre
 11941 | D:11     | Killed a two-headed ogre
 11950 | D:11     | Reached skill level 13 in Axes
 12195 | D:11     | Noticed a green ugly thing
 12201 | D:11     | Killed a green ugly thing
 12250 | D:11     | Noticed a four-headed hydra
 12263 | D:11     | Killed a ten-headed hydra
 12500 | D:11     | Found Dunil's Book Boutique.
 13090 | D:11     | Found a staircase to the Lair.
 13289 | D:11     | Identified a scroll of acquirement
 13289 | D:11     | Acquired the ring "Axtot" {rF+ Str+6 Int+3 Dex+3}
 13522 | Lair:1   | Entered Level 1 of the Lair of Beasts
 13571 | Lair:1   | Reached skill level 14 in Axes
 13645 | Lair:1   | Received a gift from Trog
 13710 | Lair:1   | Noticed an oklob plant
 13716 | Lair:1   | Noticed an oklob plant
 13876 | Lair:1   | Reached XP level 12. HP: 110/110 MP: 11/11
 14221 | Lair:1   | Reached skill level 15 in Axes
 14405 | Lair:1   | Noticed a six-headed hydra
 14410 | Lair:1   | Killed an eight-headed hydra
 14892 | Lair:1   | Killed from afar by an oklob plant

Illustrated notes

Levels and vault maps discovered:
D:1:      minmay_arrival_doors, layout_rooms, due_unseen_surprise
D:2:      layout_basic, tgw_xom
D:3:      layout_loops_ring, pdpol_wu_jian_five_deadly_venoms,
          kiku_gazebo_garden_becter, nicolae_dithmenos_through_a_glass_darkly,
          lemuel_coloured_pillars_altar, chequers_ecumenical_altar_island
D:4:      layout_rooms, lemuel_round_altar, lemuel_old_faithful, uniq_eustachio
D:5:      cheibrodos_thug_alley, layout_loops_ring,
          nicolae_ru_great_annihilating_truth, gup_sewer_entry_bubbles,
          st_stairs_9, kennysheep_doodads, uniq_edmund, uniq_prince_ribbit1,
          uniq_pikel
D:6:      layout_gridville, kennysheep_little_box, serial_shops,
          nicolae_shop_crystal
D:7:      layout_basic, minmay_temple_entry_fiery
D:8:      layout_loops_corners, fedhas_altar_4, nzn_hepliaklqana_mist_gate,
          basic_altar, serial_glass, glass_columns_a, glass_columns_c,
          gammafunk_ghost_hydra_chop, uniq_joseph
D:9:      layout_basic, okawaru_ov_weapons_minmay, kennysheep_generic_room_4,
          uniq_grum
D:10:     layout_roguey, hiddenorc2_lemuel,
          hangedman_abyss_or_decor_jellyfish_corner, grunt_tough_drop
D:11:     layout_basic, lair_entry_dummy, serial_shops, shop
Temple:   minmay_freezing_vapour_temple
Lair:1:   layout_chaotic_city, serial_bayou_lagoon_b, minmay_lair_oklob_chamber,
          grunt_megastairs_1

Skill      XL: |  1  2  3  4  5  6  7  8  9 10 11 12 |
---------------+-------------------------------------+-----
Axes           | 4 5 6 8 9 12 14 15 | 15.1
Fighting       | 4 5 6 7 9 10 11 12 | 12.0
Armour         | 3 4 5 6 9 10 11 12 | 12.3
Dodging        | 3 4 5 |  5.6
Shields        | 1 2 5 |  5.3
Stealth        | 1 |  1.8

Action                   |  1- 3 |  4- 6 |  7- 9 | 10-12 || total
-------------------------+-------+-------+-------+-------++-------
Melee: Hand axe          |   107 |   105 |    72 |       ||   284
       Headbutt          |    12 |    19 |    80 |    65 ||   176
       Whip              |       |       |   131 |       ||   131
       Flail             |       |       |   207 |       ||   207
       Battleaxe         |       |       |    14 |   341 ||   355
Invok: Berserk           |     1 |     2 |     3 |     9 ||    15
       Trog's Hand       |       |     1 |     1 |     2 ||     4
       Brothers in Arms  |       |       |       |     2 ||     2
  Use: Scroll            |     4 |     4 |     7 |     5 ||    20
       Potion            |     3 |       |     8 |       ||    11
 Stab: Paralysed         |       |       |     1 |       ||     1
Armor: Animal skin       |     4 |       |       |       ||     4
       Scale mail        |    28 |    18 |       |       ||    46
       Chain mail        |       |    41 |   222 |   126 ||   389
       Plate armour      |       |       |       |   106 ||   106
Dodge: Dodged            |    52 |    54 |   202 |   214 ||   522
Block: Buckler           |       |    11 |    58 |       ||    69
